 Dungeon Crawl Stone Soup version 0.28-a0-906-g0406aca7d3 (webtiles) character file.

Game seed: 15860520706563336458

303 vineage the Skirmisher (level 6, -2/42 HPs)
             Began as a Gargoyle Fighter on Nov 23, 2021.
             Slain by a phantom (7 damage)
             ... on level 4 of the Dungeon.
             The game lasted 00:03:41 (2790 turns).

vineage the Skirmisher (Gargoyle Fighter)           Turns: 2790, Time: 00:03:42

Health: -2/42      AC: 15    Str: 20    XL:     6   Next: 38%
Magic:  6/6        EV:  5    Int:  8    God:
Gold:   166        SH:  4    Dex: 11    Spells: 5/5 levels left

rFire   . . .      SeeInvis .   a - +1 flail
rCold   . . .      Faith    .   c - +0 buckler
rNeg    + . .      Spirit   .   i - +0 plate armour
rPois   ∞          Reflect  .   (no helmet)
rElec   +          Harm     .   (no cloak)
rCorr   .          Rampage  .   (no gloves)
Will    .....                   (no boots)
Stlth   ..........              (no amulet)
HPRegen 0.14/turn               (no ring)
MPRegen 0.10/turn               (no ring)

@: no status effects
A: sickness immunity, AC +4, negative energy resistance 1, electricity
resistance, torment resistance 1, petrification resistance
a: no special abilities


You were on level 4 of the Dungeon.
You visited 1 branch of the dungeon, and saw 4 of its levels.

You collected 166 gold pieces.

Inventory:

Hand Weapons
 a - a +1 flail (weapon)
Armour
 b - a +0 scale mail
 c - a +0 buckler (worn)
 i - a +0 plate armour (worn)
Jewellery
 e - an amulet of magic regeneration
Scrolls
 g - a scroll of enchant weapon
Potions
 d - a potion of curing
 f - a potion of magic {unknown}


   Skills:
 * Level 6.5 Fighting
 + Level 4.0 Maces & Flails
 - Level 3.2 Armour
 - Level 3.2 Shields


You had 5 spell levels left.
You didn't know any spells.
Your spell library contained the following spells:

 Spells                   Type           Power      Damage    Failure   Level
 Portal Projectile        Hex/Tloc       0%         N/A       100%        3
 Fulminant Prism          Conj/Hex       0%         3d6       100%        4
 Metabolic Englaciation   Hex/Ice        0%         N/A       100%        5


Dungeon Overview and Level Annotations

Branches:
Dungeon (4/15)
 Temple: D:4-7

Altars:
Trog

Shops:
D:1 =   D:3 (


Innate Abilities, Weirdness & Mutations

You are immune to sickness and miasma.
Your stone body is resilient. (AC +4)
You are immune to poison.
You resist negative energy. (rN+)
You are resistant to electric shocks. (rElec)
You are resistant to unholy torment.
You are immune to petrification.


Message History

The orc hits you but does no damage. You block the phantom's attack.
You hit the phantom.
The phantom is lightly damaged.
The orc hits you but does no damage. You block the phantom's attack.
You hit the phantom.
The phantom is moderately damaged.
The orc barely misses you.
The phantom hits you but does no damage.
You closely miss the phantom.
The phantom is moderately damaged.
The orc hits you with a +0 hand axe.
* * * LOW HITPOINT WARNING * * *
You block the phantom's attack.
You closely miss the phantom.
The phantom is moderately damaged.
The orc hits you with a +0 hand axe.
* * * LOW HITPOINT WARNING * * *
The phantom hits you but does no damage.
The orc hits you with a +0 hand axe.
* * * LOW HITPOINT WARNING * * *
The phantom barely misses you.
You hit the orc.
The orc is almost dead.
The orc hits you but does no damage.
The phantom hits you but does no damage.
You closely miss the orc.
The orc is almost dead.
The orc completely misses you.
The phantom hits you but does no damage.
You hit the orc.
You kill the orc!
The phantom hits you but does no damage.
You sock the orc!
You kill the orc!
The phantom hits you.
* * * LOW HITPOINT WARNING * * *
Your plate armour prevents you from hitting the phantom.
The phantom is moderately damaged.
The phantom hits you!
You die...

#+# ## # #.# ...
#.###.###.$# .........#
#.......# #.# # #.#.#
...##########.#.#
......W@).).)...#
...##########.#####..
##.........
#######.....###..
............#
##############.....###
..............>........
#######...######...<.###.
#.......#.# #.....#


You could see a phantom.

Vanquished Creatures
  An ogre (D:3)
  An orc priest (D:4)
  2 orc wizards (D:4)
  4 gnolls (D:2)
  2 adders
  A howler monkey skeleton (D:3)
  3 worms
  2 dart slugs (D:1)
  2 orcs (D:4)
  7 endoplasms
  4 giant cockroaches
  15 goblins
  5 hobgoblins
  4 kobolds
  2 quokkas (D:1)
  5 ball pythons
  6 bats
  2 frilled lizards
  5 rats
73 creatures vanquished.

Notes
Turn   | Place    | Note
-------+----------+-------------------------------------------
     0 | D:1      | vineage the Gargoyle Fighter began the quest for the Orb.
     0 | D:1      | Reached XP level 1. HP: 14/14 MP: 1/1
   103 | D:1      | Reached XP level 2. HP: 20/20 MP: 2/2
   292 | D:1      | Reached skill level 4 in Fighting
   418 | D:1      | Found Itykoh's Jewellery Shoppe.
   429 | D:1      | Reached XP level 3. HP: 24/24 MP: 3/3
   681 | D:2      | Got the Incunabulum of Enchantment
  1019 | D:2      | Reached XP level 4. HP: 29/30 MP: 4/4
  1054 | D:2      | Reached skill level 5 in Fighting
  1232 | D:2      | Found a bloodstained altar of Trog.
  1742 | D:3      | Found Xudum's Weapon Shoppe.
  1820 | D:3      | Reached XP level 5. HP: 35/35 MP: 5/5
  2031 | D:3      | Found a faded altar of an unknown god.
  2268 | D:3      | Noticed an ogre
  2299 | D:3      | Killed an ogre
  2300 | D:3      | Reached skill level 6 in Fighting
  2300 | D:3      | Reached XP level 6. HP: 25/41 MP: 6/6
  2790 | D:4      | Slain by a phantom

Illustrated notes

Levels and vault maps discovered:
D:1:      dpeg_arrival_tiny_i, layout_basic, serial_shops, shop
D:2:      layout_basic, basic_altar, minmay_tall_x
D:3:      layout_basic, serial_corexii_hall, corexii_hall_statues_s,
          chequers_hall_statues_y, chequers_hall_statues_wall_a,
          chequers_hall_statues_corner_a, corexii_hall_statues_s,
          chequers_hall_statues_wall_a, serial_shops, shop,
          hellmonk_ecumenical_altar_zigzags, interstate_on_off,
          minmay_ogre_servants
D:4:      layout_loops_ring, grunt_gozag_statues, lemuel_doored_altar

Skill      XL: |  1  2  3  4  5  6 |
---------------+-------------------+-----
Fighting       | 4 5 6 |  6.5
Maces & Flails | 3 4 |  4.0
Armour         | |  3.2
Shields        | |  3.2

Action                   |  1- 3 |  4- 6 || total
-------------------------+-------+-------++-------
Melee: Flail             |   121 |   118 ||   239
  Use: Scroll            |     3 |     2 ||     5
       Potion            |       |     3 ||     3
Armor: Scale mail        |    64 |       ||    64
       Plate armour      |    19 |    77 ||    96
       Skin              |       |     9 ||     9
Dodge: Dodged            |    39 |    17 ||    56
Block: Buckler           |    32 |    28 ||    60

Table legend: (Time is in decaauts)
 A = Elapsed time spent in this place.
 B = Non-inter-level travel time spent in this place.
 C = Inter-level travel time spent in this place.
 D = Time resting spent in this place.
 E = Time spent auto-exploring this place.
 F = Levels seen in this place.
 G = Mean time per level.
                   A        B        C        D        E       F      G
               +--------+--------+--------+--------+--------+-----+--------+
         Total |   2854 |   2800 |     54 |      0 |   2224 |   4 |  713.5 |
       Dungeon |   2854 |   2800 |     54 |      0 |   2224 |   4 |  713.5 |
               +--------+--------+--------+--------+--------+-----+--------+

Top non-repeatable levels by time:
     D:3: 1160 daAuts
     D:2: 987 daAuts
     D:1: 579 daAuts
     D:4: 127 daAuts
